AoeStats
← gazza17

Arena

517650786Analyzed
4v4 RM · 6d ago on Oct 31, 2026· 49m 34s· 8 players
Game mode
Random Map
Map size
Large (8 player)
Population
200
Speed
Normal
Resources
Standard
Victory
Conquest
Starting age
Dark Age
Ending age
Imperial Age
RankedLock teamsTeams togetherTeam positionsShared explorationLock speedFull tech treeHidden civsTurbo modeCheats
Victory
Defeat
🇺🇸 Malians · United States
1032
+15
🇨🇳 Bohemians · China
990
+17
🇨🇳 Goths · China
966
+18
🇨🇳 Franks · China
964
+18
vs
🇹🇼 Spanish · Taiwan
1078
-21
🇹🇼 Danes · Taiwan
1029
-18
🇬🇧 Varangians · United Kingdom
1001
-17
🇹🇼 Vietnamese · Taiwan
896
-16
一隻小尼克
10:42 Feudal Age
11:39 Double-Bit Axe
14:37 Castle Age
15:40 Horse Collar
16:13 Bow Saw
19:34 Wheelbarrow
28:12 Gold Mining
35:21 Imperial Age
33:12 Hand Cart
36:03 Scale Mail Armor
36:13 Forging
36:14 Heavy Plow
36:51 Gold Shaft Mining
36:06 Stone Mining
38:06 Chain Mail Armor
38:27 Iron Casting
37:18 Pikeman
37:45 Gambesons
38:01 Squires
37:47 Arson
38:51 Conscription
38:09 Halberdier
39:23 Elite Varangian Guard
40:32 Capped Ram
43:34 Siege Engineers
44:37 Hamask
45:59 Plate Mail Armor
46:29 Blast Furnace
gazza17
10:14 Feudal Age
13:49 Loom
17:34 Castle Age
16:21 Forging
16:44 Double-Bit Axe
16:41 Horse Collar
17:11 Arson
17:00 Man-at-Arms
19:42 Wheelbarrow
19:18 Scale Mail Armor
19:43 Heavy Plow
23:51 Bow Saw
26:42 Gold Mining
28:17 Stone Mining
29:57 Chain Mail Armor
30:18 Iron Casting
30:04 Hand Cart
30:24 Squires
33:07 Imperial Age
31:42 Treadmill Crane
34:55 Plate Mail Armor
35:26 Blast Furnace
33:52 Elite Varangian Guard
34:24 Gambesons
35:13 Conscription
34:15 Gothikon
40:19 Stone Shaft Mining
40:06 Ballistics
40:47 Chemistry
39:40 Fletching
39:51 Padded Archer Armor
39:37 Elite Skirmisher
40:31 Gothikon
41:33 Conscription
41:08 Imperial Skirmisher
43:14 Leather Archer Armor
42:55 Bodkin Arrow
sankafo1226
10:13 Feudal Age
10:40 Double-Bit Axe
15:24 Castle Age
14:33 Stone Mining
18:48 Padded Archer Armor
20:14 Leather Archer Armor
27:57 Horse Collar
28:09 Gold Mining
30:37 Bow Saw
32:47 Wheelbarrow
32:21 Heavy Plow
33:53 Husbandry
34:08 Bloodlines
35:32 Hand Cart
40:40 Ballistics
40:32 Masonry
43:01 Imperial Age
40:37 Murder Holes
43:31 Fortified Wall
43:15 Elite Conquistador
45:02 Chemistry
45:50 Conscription
46:24 Masonry
47:27 Fletching
48:09 Ring Archer Armor
青蛙吱吱叫
10:59 Feudal Age
16:01 Castle Age
16:34 Town Watch
19:10 Double-Bit Axe
22:01 Stone Mining
22:37 Bow Saw
25:26 Horse Collar
29:58 Imperial Age
31:35 Wheelbarrow
30:55 Fletching
31:05 Padded Archer Armor
31:25 Crossbowman
32:11 Thumb Ring
36:35 Ballistics
37:05 Arbalester
40:58 Chemistry
47:14 Two-Man Saw
48:23 Hand Cart
49:08 Paper Money
ArkumKnight007
10:45 Feudal Age
11:44 Double-Bit Axe
11:41 Horse Collar
18:11 Castle Age
16:42 Gold Mining
16:42 Stone Mining
18:08 Loom
18:52 Fletching
19:13 Forging
47:02 Wheelbarrow
48:05 Heavy Plow
Steins;Gate
10:53 Feudal Age
14:28 Castle Age
12:27 Double-Bit Axe
13:56 Loom
16:52 Horse Collar
17:53 Fervor
21:34 Wheelbarrow
26:24 Imperial Age
25:56 Wheelbarrow
25:34 Bow Saw
25:27 Heavy Plow
27:06 Chemistry
27:41 Conscription
27:30 Padded Archer Armor
30:20 Wagenburg Tactics
31:28 Leather Archer Armor
32:48 Hand Cart
35:23 Siege Engineers
35:34 Elite Hussite Wagon
40:25 Two-Man Saw
40:02 Man-at-Arms
40:43 Squires
40:28 Arson
41:08 Long Swordsman
44:30 Scale Mail Armor
45:01 Ring Archer Armor
44:42 Forging
43:54 Two-Handed Swordsman
44:57 Champion
黄金分割吃饭
11:10 Feudal Age
15:23 Castle Age
14:40 Double-Bit Axe
23:26 Gold Mining
24:51 Wheelbarrow
26:02 Gold Shaft Mining
26:33 Husbandry
29:22 Imperial Age
29:07 Stone Mining
29:39 Bow Saw
30:04 Scale Barding Armor
30:10 Forging
29:54 Treadmill Crane
30:11 Light Cavalry
30:11 Cavalier
32:27 Chain Barding Armor
32:42 Iron Casting
32:31 Fortified Wall
33:00 Conscription
32:33 Paladin
34:47 Hand Cart
38:39 Plate Barding Armor
39:05 Blast Furnace
工程制图池大为
11:03 Feudal Age
15:17 Castle Age
14:42 Double-Bit Axe
14:48 Horse Collar
25:38 Gold Mining
25:51 Scale Mail Armor
26:36 Loom
27:14 Bow Saw
27:13 Heavy Plow
29:23 Wheelbarrow
29:12 Chain Mail Armor
33:24 Imperial Age
32:26 Forging
32:35 Anarchy
33:17 Hand Cart
34:34 Iron Casting
33:51 Fletching
34:48 Crop Rotation
35:26 Two-Man Saw
34:42 Squires
37:14 Conscription
38:07 Blast Furnace
37:14 Man-at-Arms
37:14 Pikeman
38:18 Stone Mining
40:03 Scale Barding Armor
39:23 Long Swordsman
41:39 Two-Handed Swordsman
43:03 Stone Shaft Mining
43:04 Halberdier
43:23 Champion
46:02 Bodkin Arrow
46:07 Padded Archer Armor
Connection lost

Rejoining the realm…

Still unreachable

The connection could not be restored.

Session expired

The server has moved on; the page needs a fresh start.